 Dungeon Crawl Stone Soup version 0.31-a0-237-g2d982f9f85 (webtiles) character file.

Game seed: 17341726169481672791

179 cforsyth the Ruffian (level 5, 0/48 HPs)
             Began as an Ogre Transmuter on July 11, 2023.
             Slain by an iguana (7 damage)
             ... on level 4 of the Dungeon.
             The game lasted 00:04:05 (2912 turns).

cforsyth the Ruffian (Ogre Transmuter)              Turns: 2912, Time: 00:04:06

Health: 0/48       AC:  3    Str: 14    XL:     5   Next: 59%
Magic:  7/8        EV:  9    Int: 16    God:
Gold:   82         SH:  0    Dex:  9    Spells: 7/8 levels left

rFire   + .          .
                       - Unarmed
rCold   . . .        (no shield)
rNeg    . . .        a - +0 robe
rPois   .            (helmet currently unavailable)
rElec   .            (no cloak)
rCorr   +            (gloves unavailable)
SInv    .            (boots unavailable)
Will    .....        (no amulet)
Stlth   +            c - ring of protection from fire
HPRegen 0.28/turn    f - ring of resist corrosion
MPRegen 0.11/turn

%: no passive effects
@: appendages (expiring)
A: horns 2, talons 2, large, unfitting armour, tough skin 1
a: End Transformation


You were on level 4 of the Dungeon.
You had temporarily grown beastly horns and talons.
You visited 1 branch of the dungeon, and saw 4 of its levels.

You collected 82 gold pieces.

Inventory:

Missiles
 g - a throwing net
Armour
 a - a +0 robe (worn)
Jewellery
 c - a ring of protection from fire (left hand)
 f - a ring of resist corrosion (right hand)
 o - a ring of positive energy
Scrolls
 e - 2 scrolls of identify {unknown}
 i - a scroll of fog {unknown}
 j - a scroll of teleportation {unknown}
 k - 4 scrolls of blinking {unknown}
 m - a scroll of noise {unknown}
 n - 2 scrolls of fear {unknown}
Potions
 d - a potion of curing
 h - a potion of invisibility {unknown}
 l - a potion of enlightenment {unknown}
 p - a potion of mutation {unknown}


   Skills:
 - Level 1.3 Fighting
 - Level 1.7 Dodging
 + Level 5.5 Unarmed Combat
 - Level 2.4 Spellcasting
 - Level 1.7 Transmutations


You had 7 spell levels left.
You knew the following spells:

 Your Spells              Type           Power      Damage    Failure   Level
a - Beastly Appendage     Tmut           14%        N/A       10%         1

Your spell library contained the following spells:

 Spells                   Type           Power      Damage    Failure   Level
 Wereblood                Tmut           7%         N/A       14%         2
 Magic Dart               Conj           4%         1d3       21%         1
 Shock                    Conj/Air       4%         1d3       21%         1
 Searing Ray              Conj           2%         2d4       30%         2
 Spider Form              Tmut/Pois      4%         N/A       38%         3
 Ice Form                 Ice/Tmut       4%         N/A       80%         4
 Airstrike                Air            0%         2d(1-17)  89%         4
 Fulminant Prism          Conj/Hex       0%         3d5       89%         4
 Chain Lightning          Conj/Air       0%         2d1       100%        9


Dungeon Overview and Level Annotations

Branches:
Dungeon (4/15)
 Temple: D:4-7

Altars:
Elyvilon
Wu Jian
Yredelemnul

Shops:
D:4 (


Innate Abilities, Weirdness & Mutations

You have temporarily grown beastly horns and talons.
You are too large for most types of armour.
You have tough skin. (AC +1)


Message History

Reactivating autopickup.
You feel a bit more experienced.
You swing at nothing.
You swing at nothing.
Unknown command.
Unknown command.
You start resting.
Your transformation is almost over.
You feel less wooden.
Your +0 robe unmelds from your body.
You start resting.
HP restored.
Done exploring.
Done exploring.
Done exploring.
Things that are here:
a +0 dagger; a +0 robe; an orc corpse
There is a stone staircase leading up here.
Casting: Beastly Appendage (safe; 10% risk of failure)
Confirm with . or Enter, or press ? or * to list all spells.
You grow a pair of large bovine horns.
Your feet morph into talons.
You can't go down here!
You climb upwards.
The orc barely misses you. The rat barely misses you.
The orc barely misses you. The iguana bites you! The iguana closely misses you.
The orc hits you with a +0 flail. The orc closely misses you.
The rat bites you but does no damage.
There is a stone staircase leading down here.
The orc hits you with a +0 flail! The orc hits you with a +0 flail.
The iguana bites you!
* * * LOW HITPOINT WARNING * * *
The rat bites you but does no damage.
You climb downwards.
Your transformation is almost over.
There is a stone staircase leading up here.
You punch the rat!
You kill the rat!
The orc barely misses you. The orc hits you with a +0 flail!
* * * LOW HITPOINT WARNING * * *
The iguana bites you!
You die...

###############.#
#..†............#
#.#############.#
########.............#.#
#....................#.#
#.####################.#
#....................#.##
####..#o############.#.#.
#......†@o...............
#.#.#.###l##########.####
#.#......)# #.....
###.###.##### #####.
#.....#.# #. ##..#.#.#
########. #...#.#.#
####>....÷.. ##..#.#.#
#......####. ##..#.#.#
#......# #.


You could see an iguana and 2 orcs.

Vanquished Creatures
  A hound (D:4)
  Natasha (twice) (D:4)
  An orc wizard (D:4)
  3 adders
  An orc (D:4)
  9 ball pythons
  6 bats (D:1)
  5 endoplasms
  3 giant cockroaches
  5 hobgoblins
  A quokka (D:1)
  3 frilled lizards
  5 goblins
  6 kobolds
  3 rats
54 creatures vanquished.

Notes
Turn   | Place    | Note
-------+----------+-------------------------------------------
     0 | D:1      | cforsyth the Ogre Transmuter began the quest for the Orb.
     0 | D:1      | Reached XP level 1. HP: 19/19 MP: 3/3
   206 | D:1      | Reached skill level 3 in Unarmed Combat
   251 | D:1      | Reached XP level 2. HP: 25/27 MP: 3/5
   564 | D:1      | Reached XP level 3. HP: 29/33 MP: 4/6
  1044 | D:2      | Reached skill level 4 in Unarmed Combat
  1137 | D:2      | You fall into a shaft and drop 2 floors!
  1149 | D:4      | Reached XP level 4. HP: 34/41 MP: 5/7
  1320 | D:4      | Found an ornate altar of the Wu Jian Council.
  1320 | D:4      | Found a white marble altar of Elyvilon.
  1321 | D:4      | Found a basalt altar of Yredelemnul.
  1576 | D:4      | Got Ruvvab Fudgh's Spellbook of the Brume
  1986 | D:4      | Noticed Natasha
  1995 | D:4      | Killed Natasha
  1996 | D:4      | Reached skill level 5 in Unarmed Combat
  1996 | D:4      | Reached XP level 5. HP: 33/48 MP: 8/8
  2382 | D:4      | Found Hun Vicie's Weapon Shop.
  2609 | D:4      | Noticed Natasha
  2622 | D:4      | Killed Natasha
  2912 | D:4      | Slain by an iguana

Illustrated notes

Levels and vault maps discovered:
D:1:      amcnicky_arrival_blooded_trapdoor, layout_basic, hangedman_decor_push
D:2:      layout_loops_ring
D:3:      layout_rooms, st_stairs_13, palyth_stone_intersect,
          saegor_snake_ambush, uniq_sigmund
D:4:      layout_basic, gammafunk_temple_overflow_claw, serial_shops,
          nicolae_shop_peninsula, bh_walls_and_bars, uniq_natasha,
          uniq_blork_the_orc

Skill      XL: |  1  2  3  4 |
---------------+-------------+-----
Unarmed Combat | 3 4 5 |  5.5
Fighting       | |  1.3
Dodging        | |  1.7
Spellcasting   | |  2.4
Transmutations | |  1.7

Action                     |  1- 3 |  4- 6 || total
---------------------------+-------+-------++-------
  Melee: Unarmed           |   132 |    46 ||   178
         Kick              |    15 |     4 ||    19
         Headbutt          |    11 |     5 ||    16
         Punch             |     4 |     3 ||     7
   Cast: Beastly Appendage |    26 |    17 ||    43
    Use: Potion            |       |     2 ||     2
   Stab: Sleeping          |     1 |       ||     1
 Armour: Robe              |    50 |    12 ||    62
         Skin              |       |     6 ||     6
  Dodge: Dodged            |    59 |    26 ||    85

Table legend: (Time is in decaauts)
 A = Elapsed time spent in this place.
 B = Non-inter-level travel time spent in this place.
 C = Inter-level travel time spent in this place.
 D = Time resting spent in this place.
 E = Time spent auto-exploring this place.
 F = Levels seen in this place.
 G = Mean time per level.
                   A        B        C        D        E       F      G
               +--------+--------+--------+--------+--------+-----+--------+
         Total |   2905 |   2905 |      0 |    147 |   2309 |   4 |  726.2 |
       Dungeon |   2905 |   2905 |      0 |    147 |   2309 |   4 |  726.2 |
               +--------+--------+--------+--------+--------+-----+--------+

Top non-repeatable levels by time:
     D:4: 1745 daAuts
     D:1: 742 daAuts
     D:2: 385 daAuts
     D:3: 32 daAuts
